 Dungeon Crawl Stone Soup version 0.20-a0-1000-g0e8f6bb (webtiles) character file.

329 Jarlath the Sneak (level 6, 0/32 HPs)
             Began as a Deep Elf Ice Elementalist on Apr 12, 2017.
             Was a Follower of Vehumet.
             Slain by an ogre
             ... wielding a +0 giant club
              (11 damage)
             ... on level 5 of the Dungeon.
             The game lasted 00:05:03 (3765 turns).

Jarlath the Sneak (Deep Elf Ice Elementalist)       Turns: 3765, Time: 00:05:03

Health: 0/32       AC:  5    Str:  5    XL:     6   Next: 25%
Magic:  2/15       EV: 13    Int: 22    God:    Vehumet [*.....]
Gold:   84         SH:  0    Dex: 15    Spells: 3/15 levels left

rFire    . . .     SeeInvis .   (no weapon)
rCold    + . .     Gourm    .   (no shield)
rNeg     . . .     Faith    .   e - +2 robe {rC+}
rPois    .         Spirit   .   (no helmet)
rElec    .         Reflect  .   l - +0 cloak
rCorr    .         Harm     .   (no gloves)
MR       .....                  (no boots)
Stlth    +++.......             (no amulet)
Regen    0.1/turn               (no ring)
MPRegen  0.2/turn               (no ring)

@: very slightly contaminated
A: no striking features
a: Renounce Religion


You were on level 5 of the Dungeon.
You worshipped Vehumet.
Vehumet was aware of your devotion.
You were hungry.

You visited 1 branch of the dungeon, and saw 5 of its levels.

You collected 168 gold pieces.
You spent 84 gold pieces at shops.

Inventory:

Armour
 e - a +2 robe of cold resistance (worn)
 l - a +0 cloak (worn)
Scrolls
 j - a scroll of remove curse
 m - a scroll of fear {unknown}
Potions
 f - a potion of heal wounds
 o - a potion of agility {unknown}
 q - 2 potions of curing
Books
 b - a book of Frost

   Spells                             Type                      Level
   a - Freeze                         Ice                          1
   b - Throw Frost                    Conjuration/Ice              2
   c - Ozocubu's Armour               Charms/Ice                   3
   d - Throw Icicle                   Conjuration/Ice              4
   e - Summon Ice Beast               Ice/Summoning                4
 p - a book of Conjurations

   Spells                             Type                      Level
   a - Magic Dart                     Conjuration                  1
   b - Searing Ray                    Conjuration                  2
   c - Dazzling Spray                 Conjuration/Hexes            3
   d - Fulminant Prism                Conjuration/Hexes            4
   e - Force Lance                    Conjuration/Translocation    4
   f - Iskenderun's Mystic Blast      Conjuration                  4
Comestibles
 a - 4 fruits
 c - 3 bread rations
 d - 5 chunks of flesh
 g - 2 royal jellies
 h - 2 meat rations


   Skills:
 * Level 2.8 Dodging
 - Level 6.0 Stealth
 + Level 5.1 Spellcasting
 - Level 1.1 Conjurations
 + Level 4.9 Ice Magic


You had 3 spell levels left.
You knew the following spells:

 Your Spells              Type           Power        Failure   Level  Hunger
a - Freeze                Ice            ####         1%          1    None
b - Ozocubu's Armour      Chrm/Ice       ###.....     12%         3    ##.....
c - Throw Icicle          Conj/Ice       ###.....     34%         4    ####...
d - Summon Ice Beast      Ice/Summ       ###.....     38%         4    ####...


Dungeon Overview and Level Annotations

Branches:
Dungeon (5/15)
 Temple: D:4-7

Altars:
Gozag
Qazlal
Ru
Sif Muna
Trog
Vehumet
Yredelemnul

Shops:
D:5 !


Message History

Your skin glows momentarily.
You are feeling hungry.
Casting: Throw Icicle
Confirm with . or Enter, or press ? or * to list all spells.
Aiming: Freeze
Press: ? - help, Shift-Dir - straight line, f/p - ogre
Aim: an ogre, wielding a giant club (moderately wounded)
You freeze the ogre.
The ogre is heavily wounded.
The ogre hits you with a giant club!!
Ouch! That really hurt!
Casting: Freeze
Confirm with . or Enter, or press ? or * to list all spells.
Aiming: Freeze
Press: ? - help, Shift-Dir - straight line, f/p - ogre
Aim: an ogre, wielding a giant club (heavily wounded)
You freeze the ogre.
The ogre is almost dead.
The ogre hits you with a giant club!
You die...

*,***,****,**
*,,**,,,,,**
**,**,,***,**
*,**,,* **,*
*,**,,* **,
##### *,**,,**
**
#...#####.##.,,*
#...O.....o..*,*
#..@#####.##.,,*
##.## *,**,***
#.# *,**,*******
#.# *,,,,,,,,,,*
#.# ****,,,,,,,,
#.# *******,*
#.# *,* #.#
******* *,* #.#
*,,,,,* *,*


You could see an ogre and an orc (wandering).

Vanquished Creatures
  Sigmund (D:2)
  A howler monkey (D:5)
  Terence (D:2)
  A gnoll (D:1)
  4 adders
  An ooze (D:2)
  An adder zombie (D:5)
  3 worms
  A dart slug (D:3)
  3 leopard geckos
  An orc (D:3)
  2 ball pythons
  12 bats
  4 giant cockroaches
  4 goblins
  7 hobgoblins
  4 kobolds
  2 quokkas (D:2)
  4 frilled lizards (D:2)
  9 rats
66 creatures vanquished.

Notes
Turn   | Place    | Note
-------+----------+-------------------------------------------
     0 | D:1      | Jarlath the Deep Elf Ice Elementalist began the quest for the Orb.
     0 | D:1      | Reached XP level 1. HP: 10/10 MP: 6/6
     7 | D:1      | Reached skill level 3 in Stealth
     7 | D:1      | Reached XP level 2. HP: 15/15 MP: 2/8
  1221 | D:2      | Reached XP level 3. HP: 19/19 MP: 6/10
  1301 | D:2      | Noticed Sigmund
  1582 | D:2      | Learned a level 3 spell: Ozocubu's Armour
  1763 | D:3      | Found a radiant altar of Vehumet.
  1763 | D:3      | Found an opulent altar of Gozag.
  1764 | D:3      | Found a bloodstained altar of Trog.
  1770 | D:3      | Became a worshipper of Vehumet
  1785 | D:3      | Reached skill level 4 in Stealth
  1951 | D:2      | Reached XP level 4. HP: 24/24 MP: 10/12
  1957 | D:2      | Learned a level 4 spell: Throw Icicle
  2023 | D:2      | Found a sacrificial altar of Ru.
  2248 | D:2      | Noticed Terence
  2258 | D:2      | Killed Terence
  2601 | D:2      | Killed Sigmund
  2601 | D:2      | Reached skill level 6 in Stealth
  2601 | D:2      | Reached XP level 5. HP: 24/28 MP: 1/14
  3038 | D:3      | Reached XP level 6. HP: 30/32 MP: 11/15
  3189 | D:3      | Found a basalt altar of Yredelemnul.
  3274 | D:1      | Learned a level 4 spell: Summon Ice Beast
  3320 | D:2      | Reached * piety under Vehumet
  3320 | D:2      | Offered knowledge of Magic Dart by Vehumet.
  3348 | D:5      | Entered Level 5 of the Dungeon
  3359 | D:5      | Found a deep blue altar of Sif Muna.
  3415 | D:5      | Found Suat's Distillery.
  3424 | D:5      | Bought 2 potions of curing for 84 gold pieces
  3598 | D:5      | Reached skill level 5 in Spellcasting
  3605 | D:5      | Found a stormy altar of Qazlal.
  3765 | D:5      | Slain by an ogre

Vault maps used:
D:1:      scummos_arrival_forest, minmay_misc_feat_secret_circle
D:2:      kennysheep_cross_bottleneck, nicolae_ru_awakened_eye,
          uniq_crazy_yiuf_cottage, uniq_terence, uniq_sigmund
D:3:      gammafunk_temple_overflow_claw, yredelemnul_forgotten_temple_becter,
          first_bread
D:4:      bh_walls_and_bars
D:5:      lemuel_crystal_altar, old_standard_altar, serial_shops, shop

Skill      XL: |  1  2  3  4  5  6 |
---------------+-------------------+-----
Stealth        | 3 4 6 |  6.0
Spellcasting   | 4 5 |  5.1
Ice Magic      | 4 |  4.9
Dodging        | |  2.8
Conjurations   | |  1.1

Action                   |  1- 3 |  4- 6 || total
-------------------------+-------+-------++-------
Melee: Unarmed           |     8 |    50 ||    58
 Cast: Freeze            |    66 |    53 ||   119
       Throw Icicle      |       |     5 ||     5
       Ozocubu's Armour  |       |     1 ||     1
  Use: Scroll            |     6 |     5 ||    11
       Potion            |       |     6 ||     6
 Stab: Sleeping          |       |     1 ||     1
  Eat: Chunk             |     3 |     6 ||     9
Armor: Robe              |    11 |    20 ||    31
       Skin              |       |     5 ||     5
Dodge: Dodged            |    40 |    48 ||    88
